 Dungeon Crawl Stone Soup version 0.30-a0-371-gad7725a93e (webtiles) character file.

Game seed: 1747277033156093571

67 DEFE the Cutter (level 4, -3/35 HPs)
             Began as a Demonspawn Fighter on Nov 20, 2022.
             Slain by Pargi (4 damage)
             ... on level 3 of the Dungeon.
             The game lasted 00:05:20 (1450 turns).

DEFE the Cutter (Demonspawn Fighter)                Turns: 1450, Time: 00:05:21

Health: -3/35      AC:  6    Str: 17 (18) XL:     4   Next: 0%
Magic:  4/4        EV: 12    Int:  8 (9)  God:
Gold:   52         SH:  4    Dex: 11 (13) Spells: 3/3 levels left

rFire   . . .      SeeInvis .    a - +0 rapier
rCold   . . .      Faith    .    c - +0 buckler
rNeg    . . .      Spirit   .    b - +0 scale mail
rPois   .          Reflect  .    (no helmet)
rElec   .          Harm     .    (no cloak)
rCorr   .          Rampage  .    (no gloves)
Will    .....                    (no boots)
Stlth   ..........               (no amulet)
HPRegen 0.25/turn                (no ring)
MPRegen 0.09/turn                (no ring)

@: mighty, invisible
A: repulsion field 2, demonic guardian 1
a: no special abilities


You were on level 3 of the Dungeon.
You visited 1 branch of the dungeon, and saw 3 of its levels.

You collected 52 gold pieces.

Inventory:

Hand Weapons
 a - a +0 rapier (weapon)
Armour
 b - a +0 scale mail (worn)
 c - a +0 buckler (worn)
Jewellery
 g - an amulet of magic regeneration
Scrolls
 e - a scroll of teleportation {unknown}
 i - a scroll of acquirement {unknown}
 l - 2 scrolls of identify {unknown}
 o - a scroll of immolation {unknown}
 p - a scroll of blinking {unknown}
Potions
 h - a potion of mutation {unknown}
 j - a potion of flight {unknown}
 k - a potion of invisibility
 m - a potion of degeneration
 n - a potion of curing {unknown}


   Skills:
 - Level 3.0 Fighting
 - Level 3.4 Short Blades
 + Level 3.2 Armour
 - Level 2.6 Shields


You had 3 spell levels left.
You didn't know any spells.
Your spell library was empty.

Dungeon Overview and Level Annotations

Branches:
Dungeon (3/15)

Altars:

Annotations:
D:3 Pargi


Innate Abilities, Weirdness & Mutations

You are surrounded by a moderate repulsion field. (EV +3)
A weak demonic guardian rushes to your aid.


Message History

Unknown command.
Okay, then.
It was a potion of magic.
Magic courses through your body. Pargi closely misses you.
Pargi claws you but does no damage. Pargi claws you.
* * * LOW HITPOINT WARNING * * *
You take 2 damage, and have 10/35 hp.
It was a potion of invisibility.
You fade into invisibility!
Pargi barely misses you. Pargi closely misses you. Pargi barely misses you.
It was a potion of degeneration.
There was something very wrong with that liquid.
You feel weakened.
You feel dopey.
You feel clumsy. Pargi bites you but does no damage.
Pargi barely misses you. x2
Unknown command.
Unknown command.
Unknown command.
You closely miss Pargi. Pargi bites you.
* * * LOW HITPOINT WARNING * * *
Pargi closely misses you. You block Pargi's attack.
You take 2 damage, and have 8/35 hp.
Unknown command.
You feel very mighty all of a sudden. You block Pargi's attack.
Pargi misses you. Pargi claws you.
* * * LOW HITPOINT WARNING * * *
A demonic guardian appears!
You take 2 damage, and have 6/35 hp.
Unknown command.
You barely miss Pargi. Pargi misses you. Pargi closely misses you.
Pargi misses you.
Unknown command.
You closely miss Pargi. Pargi bites you.
* * * LOW HITPOINT WARNING * * *
Pargi closely misses you. Pargi misses you.
You take 5 damage, and have 1/35 hp.
Unknown command.
Unknown command.
You puncture Pargi! Pargi bites you.
You die...

#.# .#. ..
###.# ....
##### #.. .
...# #.#
....###.###<#
$........T@5#
........#####
###.##### ..
#


You could see Pargi (unable to see you, ally target) and a friendly ufetubus
(summoned).

Vanquished Creatures
  2 adders (D:2)
  A dart slug (D:1)
  An orc (D:2)
  3 ball pythons
  4 endoplasms
  3 giant cockroaches
  4 goblins
  4 hobgoblins (D:1)
  3 jackals (D:2)
  3 kobolds
  2 quokkas
  A bat (D:2)
  2 frilled lizards
  6 rats
39 creatures vanquished.

Vanquished Creatures (collateral kills)
  A worm (D:2)
1 creature vanquished.

Grand Total: 40 creatures vanquished

Notes
Turn   | Place    | Note
-------+----------+-------------------------------------------
     0 | D:1      | DEFE the Demonspawn Fighter began the quest for the Orb.
     0 | D:1      | Reached XP level 1. HP: 18/18 MP: 1/1
   170 | D:1      | Gained mutation: You are surrounded by a mild repulsion
                  | field. (EV +2) [demonic ancestry]
   170 | D:1      | Reached XP level 2. HP: 24/24 MP: 2/2
   690 | D:2      | Gained mutation: A weak demonic guardian rushes to your
                  | aid. [demonic ancestry]
   690 | D:2      | Reached XP level 3. HP: 28/29 MP: 3/3
  1176 | D:2      | Gained mutation: You are surrounded by a moderate repulsion
                  | field. (EV +3) [demonic ancestry]
  1176 | D:2      | Reached XP level 4. HP: 34/35 MP: 4/4
  1421 | D:3      | Noticed Pargi
  1449 | D:3      | HP: 1/35 [Pargi (5)]
  1450 | D:3      | Slain by Pargi

Illustrated notes

Levels and vault maps discovered:
D:1:      amcnicky_arrival_single_pillar, layout_basic
D:2:      layout_basic
D:3:      layout_loops_corners, lemuel_flame_loot_1, uniq_pargi, uniq_jessica

Skill      XL: |  1  2  3 |
---------------+----------+-----
Short Blades   | 2 3 |  3.4
Armour         | 3 |  3.2
Fighting       | |  3.0
Shields        | |  2.6

Action                   |  1- 3 |  4- 6 || total
-------------------------+-------+-------++-------
Melee: Rapier            |   150 |    17 ||   167
  Use: Potion            |       |     4 ||     4
Armor: Scale mail        |    52 |    13 ||    65
Dodge: Dodged            |    77 |    23 ||   100
Block: Buckler           |    29 |     9 ||    38

Table legend: (Time is in decaauts)
 A = Elapsed time spent in this place.
 B = Non-inter-level travel time spent in this place.
 C = Inter-level travel time spent in this place.
 D = Time resting spent in this place.
 E = Time spent auto-exploring this place.
 F = Levels seen in this place.
 G = Mean time per level.
                   A        B        C        D        E       F      G
               +--------+--------+--------+--------+--------+-----+--------+
         Total |   1465 |   1395 |     70 |      0 |   1091 |   3 |  488.3 |
       Dungeon |   1465 |   1395 |     70 |      0 |   1091 |   3 |  488.3 |
               +--------+--------+--------+--------+--------+-----+--------+

Top non-repeatable levels by time:
     D:2: 820 daAuts
     D:1: 609 daAuts
     D:3: 34 daAuts
